 Dungeon Crawl Stone Soup version 0.27-a0-1502-g47ed6a6988 (webtiles) character file.

Game seed: 7317663133745730483

1481 Lanoc the Zephyrmancer (level 8, -4/41 HPs)
             Began as a Deep Elf Air Elementalist on July 8, 2021.
             Was a Follower of Uskayaw.
             Killed from afar by a gargoyle (32 damage)
             ... with a stone arrow
             ... on level 5 of the Dungeon.
             The game lasted 00:11:05 (6959 turns).

Lanoc the Zephyrmancer (Deep Elf Air Elementalist)  Turns: 6959, Time: 00:11:06

Health: -4/41      AC:  5    Str:  5    XL:     8   Next: 50%
Magic:  1/14       EV: 16    Int: 23    God:    Uskayaw [*.....]
Gold:   245        SH:  0    Dex: 15    Spells: 8/13 levels left

rFire    + . .     SeeInvis .   q - +2 rapier (venom)
rCold    . . .     Faith    +   (no shield)
rNeg     . . .     Spirit   .   p - +2 robe "Cerphut" {Drain rElec rPois}
rPois    +         Reflect  .   (no helmet)
rElec    +         Harm     .   (no cloak)
rCorr    .         Rampage  .   (no gloves)
Will     .....                  h - +0 pair of boots
Stlth    ++........             l - amulet of faith
HPRegen  0.13/turn              j - ring of protection from fire
MPRegen  0.14/turn              (no ring)

@: studying Slings
A: no striking features
a: Renounce Religion, Stomp


You were on level 5 of the Dungeon.
You worshipped Uskayaw.
Uskayaw was noncommittal.
You visited 1 branch of the dungeon, and saw 6 of its levels.

You collected 245 gold pieces.

Inventory:

Hand Weapons
 q - a +2 rapier of venom (weapon)
Armour
 h - a +0 pair of boots (worn)
 p - the +2 robe "Cerphut" (worn) {Drain rElec rPois}
   (You found it on level 4 of the Dungeon)

   rElec:     It insulates you from electricity.
   rPois:     It protects you from poison.
   Drain:     It drains your maximum health when unequipped.
Jewellery
 j - a ring of protection from fire (left hand)
 l - an amulet of faith (around neck)
Scrolls
 b - 5 scrolls of identify {unknown}
 d - a scroll of blinking {unknown}
 f - 2 scrolls of torment {unknown}
 g - 2 scrolls of noise {unknown}
 i - a scroll of acquirement {unknown}
 m - a scroll of teleportation {unknown}
 o - a scroll of amnesia {unknown}
 r - a scroll of vulnerability {unknown}
Potions
 c - a potion of degeneration {unknown}
 e - 3 potions of curing
 k - a potion of might {unknown}
 n - a potion of invisibility {unknown}
 s - a potion of cancellation {unknown}


   Skills:
 + Level 7.7 Dodging
 - Level 2.4 Stealth
 - Level 3.0 Spellcasting
 - Level 1.1 Conjurations
 * Level 9.2 Air Magic


You had 8 spell levels left.
You knew the following spells:

 Your Spells              Type           Power      Damage    Failure   Level
a - Shock                 Conj/Air       100%       1d9       1%          1
b - Airstrike             Air            23%        N/A       2%          4

Your spell library contained the following spells:

 Spells                   Type           Power      Damage    Failure   Level
 Static Discharge         Conj/Air       27%        N/A       1%          2
 Swiftness                Air            46%        N/A       1%          3
 Corpse Rot               Necr/Air       N/A        N/A       2%          2
 Corona                   Hex            3%         N/A       12%         1
 Freeze                   Ice            12%        1d4       12%         1
 Sting                    Tmut/Pois      12%        1d3       12%         1
 Summon Lightning Spire   Summ/Air       24%        N/A       17%         4
 Frozen Ramparts          Ice            6%         1d2       34%         3
 Portal Projectile        Hex/Tloc       6%         N/A       34%         3
 Hailstorm                Conj/Ice       5%         3d4       67%         4
 Dispel Undead            Necr           3%         3d7       75%         4
 Blade Hands              Tmut           1%         N/A       97%         5
 Excruciating Wounds      Necr           1%         N/A       97%         5
 Death Channel            Necr           1%         N/A       100%        6
 Storm Form               Tmut/Air       12%        N/A       100%        7
 Maxwell's Capacitive Co  Air            23%        ∞         100%        8
 Chain Lightning          Conj/Air       13%        3d18      100%        9
 Fire Storm               Conj/Fire      2%         8d1       100%        9


Dungeon Overview and Level Annotations

Branches:
Dungeon (6/15)
 Temple: D:4-7

Altars:
Fedhas
Sif Muna
Trog
Uskayaw


Message History

Press: ? - help, Dir - move target, f - gargoyle
Aim: a gargoyle, wielding a +0 mace (heavily damaged)
The air twists around and strikes the gargoyle.
The gargoyle is severely damaged.
Casting: Airstrike (dangerous; 2% risk of failure)
Confirm with . or Enter, or press ? or * to list all spells.
Aiming: Airstrike (dangerous; 2% risk of failure)
Press: ? - help, Dir - move target, f/p - gargoyle
Aim: a gargoyle, wielding a +0 mace (severely damaged)
The air twists around and strikes the gargoyle.
The gargoyle is almost destroyed.
The gargoyle hurls a stone arrow at you.
The stone arrow misses you.
You can now pass through a line of other dancers.
Casting: Airstrike (dangerous; 2% risk of failure)
Confirm with . or Enter, or press ? or * to list all spells.
Aiming: Airstrike (dangerous; 2% risk of failure)
Press: ? - help, Dir - move target, f/p - gargoyle
Aim: a gargoyle, wielding a +0 mace (almost destroyed)
The air twists around and strikes the gargoyle but does no damage.
The gargoyle barely misses you.
You can no longer pass through a line of other dancers.
There is a stone staircase leading down here.
Casting: Airstrike (dangerous; 2% risk of failure)
Confirm with . or Enter, or press ? or * to list all spells.
Aiming: Airstrike (dangerous; 2% risk of failure)
Press: ? - help, Dir - move target, f/p - gargoyle
Aim: a gargoyle, wielding a +0 mace (severely damaged)
The air twists around and strikes the gargoyle but does no damage.
The gargoyle hurls a stone arrow at you.
The stone arrow misses you.
The gargoyle hurls a stone arrow at you.
The stone arrow hits you!
The gargoyle hurls a stone arrow at you.
The stone arrow misses you.
A gargoyle is nearby!
The gargoyle hurls a stone arrow at you.
The stone arrow hits you!!
Ouch! That really hurt!
You die...

.#.............##....)###.....###
..........########...## ##...## #
.######.#......>##############
##.<........###..9...........####
##..........# ######.............
#..........# #9........###.
#..........# #.........# #.
#..........########9........###.
#..............@..............##
#####################.....###...
####### #### #


You could see a gargoyle.

Vanquished Creatures
  Grinder (D:4)
  Eustachio (D:4)
  A water moccasin (D:5)
  An ice beast (D:5)
  An orc warrior (D:5)
  An ogre (D:5)
  A centaur (D:5)
  A bullfrog (D:5)
  2 scorpions (D:5)
  2 water moccasin zombies
  A bullfrog zombie (D:4)
  A centaur zombie (D:4)
  3 hounds
  2 jellies
  An iguana (D:5)
  A bullfrog skeleton (D:6)
  An orc wizard (D:5)
  2 hound skeletons
  3 adders
  A white imp (D:5)
  2 dart slugs (D:1)
  5 orcs
  4 endoplasms
  3 giant cockroaches
  8 goblins
  7 hobgoblins
  8 jackals
  A quokka (D:5)
  7 ball pythons
  2 bats (D:3)
  5 frilled lizards
  7 kobolds
  6 rats
93 creatures vanquished.

Notes
Turn   | Place    | Note
-------+----------+-------------------------------------------
     0 | D:1      | Lanoc the Deep Elf Air Elementalist began the quest for the
                  | Orb.
     0 | D:1      | Reached XP level 1. HP: 10/10 MP: 6/6
   252 | D:1      | Reached XP level 2. HP: 3/15 MP: 0/8
  1476 | D:2      | Reached XP level 3. HP: 19/19 MP: 4/9
  1806 | D:2      | Reached skill level 4 in Air Magic
  2509 | D:3      | Found a blossoming altar of Fedhas.
  3161 | D:4      | Reached XP level 4. HP: 22/24 MP: 1/10
  3361 | D:4      | Noticed a black bear
  3409 | D:4      | Reached skill level 5 in Air Magic
  3409 | D:4      | Reached XP level 5. HP: 20/28 MP: 9/11
  3568 | D:4      | Learned a level 4 spell: Airstrike
  3917 | D:4      | Noticed Eustachio
  3938 | D:5      | Entered Level 5 of the Dungeon
  4148 | D:5      | Noticed an ice beast
  4158 | D:5      | Killed an ice beast
  4159 | D:5      | Reached skill level 5 in Dodging
  4159 | D:5      | Reached skill level 6 in Air Magic
  4159 | D:5      | Reached XP level 6. HP: 32/32 MP: 0/12
  4267 | D:5      | Noticed an orc warrior
  4297 | D:5      | Killed an orc warrior
  4387 | D:5      | Found a bloodstained altar of Trog.
  4430 | D:5      | Found a shimmering blue altar of Sif Muna.
  4434 | D:5      | Got Sif Muna's Catalogue of Virous Malediction
  4545 | D:5      | Reached XP level 7. HP: 36/36 MP: 6/13
  4615 | D:5      | Reached skill level 7 in Air Magic
  5246 | D:5      | Reached skill level 8 in Air Magic
  5420 | D:4      | Noticed Grinder
  5424 | D:4      | Killed Grinder
  5425 | D:4      | Reached XP level 8. HP: 41/41 MP: 0/14
  5768 | D:4      | Identified the +2 robe "Cerphut" {Drain rElec rPois}
  6182 | D:4      | Killed Eustachio
  6363 | D:5      | Found a hide-covered altar of Uskayaw.
  6378 | D:5      | Became a worshipper of Uskayaw the Reveller
  6386 | D:5      | Reached * piety under Uskayaw
  6601 | D:6      | Reached ** piety under Uskayaw
  6602 | D:6      | Reached skill level 9 in Air Magic
  6670 | D:6      | Noticed a gargoyle
  6959 | D:5      | Killed from afar by a gargoyle

Illustrated notes

Levels and vault maps discovered:
D:1:      psy_arrival_statuary, layout_loops_corners
D:2:      layout_rooms
D:3:      layout_loops_ring, mainiacjoe_overflow_alcove_4
D:4:      layout_basic, minmay_quadrilaterals, uniq_grinder, uniq_eustachio
D:5:      kennysheep_six_static_rooms, layout_rooms,
          nzn_overflow_gifts_of_might_and_magic,
          nicolae_uskayaw_murder_on_the_dancefloor
D:6:      layout_basic, amcnicky_altar_gilded, temple_doors_e,
          nicolae_shop_sticking_my_neck_out, uniq_blork_the_orc

Skill      XL: |  1  2  3  4  5  6  7  8 |
---------------+-------------------------+-----
Dodging        | 3 4 5 7 |  7.7
Air Magic      | 4 5 6 8 9 |  9.2
Stealth        | |  2.4
Spellcasting   | |  3.0
Conjurations   | |  1.1

Action                   |  1- 3 |  4- 6 |  7- 9 || total
-------------------------+-------+-------+-------++-------
Melee: Unarmed           |     2 |       |       ||     2
       Trident           |       |       |     8 ||     8
       Rapier            |       |       |     4 ||     4
 Cast: Shock             |   108 |    49 |    31 ||   188
       Airstrike         |       |    10 |    33 ||    43
  Use: Potion            |       |       |     2 ||     2
Armor: Robe              |     5 |     2 |     7 ||    14
Dodge: Dodged            |    28 |     3 |    24 ||    55

Table legend: (Time is in decaauts)
 A = Elapsed time spent in this place.
 B = Non-inter-level travel time spent in this place.
 C = Inter-level travel time spent in this place.
 D = Time resting spent in this place.
 E = Time spent auto-exploring this place.
 F = Levels seen in this place.
 G = Mean time per level.
                   A        B        C        D        E       F      G
               +--------+--------+--------+--------+--------+-----+--------+
         Total |   6964 |   6705 |    259 |    213 |   5825 |   6 | 1160.7 |
       Dungeon |   6964 |   6705 |    259 |    213 |   5825 |   6 | 1160.7 |
               +--------+--------+--------+--------+--------+-----+--------+

Top non-repeatable levels by time:
     D:5: 1806 daAuts
     D:4: 1702 daAuts
     D:1: 1471 daAuts
     D:3: 1093 daAuts
     D:2: 578 daAuts
     D:6: 312 daAuts
